 Dungeon Crawl Stone Soup version 0.28-a0-1143-gcf6077d4cc (webtiles) character file.

Game seed: 14910000272341345587

18 SensoryNuts the Ducker (level 2, 0/22 HPs)
             Began as a Demonspawn Gladiator on Dec 13, 2021.
             Slain by a kobold (3 damage)
             ... on level 1 of the Dungeon.
             The game lasted 00:00:26 (464 turns).

SensoryNuts the Ducker (Demonspawn Gladiator)        Turns: 464, Time: 00:00:27

Health: 0/22       AC:  4    Str: 14    XL:     2   Next: 48%
Magic:  2/2        EV:  9    Int:  9    God:
Gold:   22         SH:  0    Dex: 14    Spells: 1/1 levels left

rFire   . . .      SeeInvis .   a - +0 long sword
rCold   . . .      Faith    .   (no shield)
rNeg    . . .      Spirit   .   b - +0 leather armour
rPois   .          Reflect  .   c - +0 helmet
rElec   .          Harm     .   (no cloak)
rCorr   .          Rampage  .   (no gloves)
Will    .....                   (no boots)
Stlth   +.........              (no amulet)
HPRegen 0.07/turn               (no ring)
MPRegen 0.08/turn               (no ring)

@: constricted
A: demonic magic 1
a: no special abilities


You were on level 1 of the Dungeon.
You visited 1 branch of the dungeon, and saw 1 of its levels.

You collected 22 gold pieces.

Inventory:

Hand Weapons
 a - a +0 long sword (weapon)
Missiles
 d - 3 throwing nets (quivered)
Armour
 b - a +0 leather armour (worn)
 c - a +0 helmet (worn)


   Skills:
 + Level 2.0 Fighting
 + Level 2.8 Long Blades
 + Level 2.2 Throwing
 + Level 0.3 Armour
 + Level 3.0 Dodging


You had one spell level left.
You didn't know any spells.
Your spell library contained the following spells:

 Spells                   Type           Power      Damage    Failure   Level
 Freeze                   Ice            0%         1d3       45%         1
 Frozen Ramparts          Ice            0%         1d2       83%         3
 Hailstorm                Conj/Ice       0%         3d3       99%         4


Dungeon Overview and Level Annotations

Branches:
Dungeon (1/15)

Altars:


Innate Abilities, Weirdness & Mutations

Spells you cast may paralyse adjacent enemies.


Message History

The giant cockroach bites you but does no damage.
The ball python bites you but does no damage.
The ball python constricts you.
You barely miss the kobold. The kobold hits you but does no damage.
The giant cockroach waves its antennae.
The giant cockroach bites you but does no damage.
The ball python completely misses you. The ball python constricts you.
The kobold barely misses you.
You barely miss the kobold.
The giant cockroach bites you but does no damage.
The ball python closely misses you. The ball python constricts you.
The kobold closely misses you.
The giant cockroach bites you but does no damage.
The ball python bites you but does no damage.
The ball python constricts you.
You closely miss the kobold. The giant cockroach barely misses you.
The ball python bites you but does no damage.
The ball python constricts you.
The kobold hits you with a +0 short sword.
You hit the kobold.
The kobold is heavily wounded.
The giant cockroach bites you. The ball python barely misses you.
The ball python constricts you.
The kobold hits you with a +0 short sword.
* * * LOW HITPOINT WARNING * * *
The giant cockroach barely misses you. The ball python barely misses you.
The ball python constricts you.
You barely miss the kobold.
The kobold is heavily wounded.
The kobold barely misses you. The giant cockroach bites you.
* * * LOW HITPOINT WARNING * * *
The ball python barely misses you. The ball python constricts you.
The kobold hits you but does no damage.
You closely miss the kobold.
The kobold is moderately wounded.
The giant cockroach closely misses you. The ball python barely misses you.
The ball python constricts you.
The giant cockroach bites you but does no damage.
The kobold hits you with a +0 short sword.
You die...

#.......#.##
............## #
..............#.#
............$.....
..................
..................
..........BK...#
.........@S..# #######
#.......#.####.....#####
##.....####.............
##...####.....##..#####
###.## #.....##..##
#.#.# #....###.## #...#
#....###.#
#.######.>.##.[.####
#####.###......#.......#


You could see a giant cockroach, a ball python and a kobold.

Vanquished Creatures
  2 endoplasms (D:1)
  A giant cockroach (D:1)
  3 goblins (D:1)
  A hobgoblin (D:1)
  A kobold (D:1)
  2 quokkas (D:1)
  A ball python (D:1)
  2 bats (D:1)
  2 frilled lizards (D:1)
15 creatures vanquished.

Notes
Turn   | Place    | Note
-------+----------+-------------------------------------------
     0 | D:1      | SensoryNuts the Demonspawn Gladiator began the quest for
                  | the Orb.
     0 | D:1      | Reached XP level 1. HP: 16/16 MP: 1/1
    48 | D:1      | Gained mutation: Spells you cast may paralyse adjacent
                  | enemies. [demonic ancestry]
    48 | D:1      | Reached XP level 2. HP: 3/22 MP: 2/2
   404 | D:1      | Reached skill level 3 in Dodging
   464 | D:1      | Slain by a kobold

Illustrated notes

Levels and vault maps discovered:
D:1:      minmay_arrival_four_circles, layout_rooms, nicolae_figureground_pulse

Skill      XL: |  1  2 |
---------------+-------+-----
Throwing       | 2 |  2.2
Dodging        | 3 |  3.0
Fighting       | |  2.0
Long Blades    | |  2.8
Armour         | |  0.3

Action                   || total
-------------------------++-------
Melee: Long sword        ||    48
Armor: Leather armour    ||    37
Dodge: Dodged            ||    50

Table legend: (Time is in decaauts)
 A = Elapsed time spent in this place.
 B = Non-inter-level travel time spent in this place.
 C = Inter-level travel time spent in this place.
 D = Time resting spent in this place.
 E = Time spent auto-exploring this place.
 F = Levels seen in this place.
 G = Mean time per level.
                   A        B        C        D        E       F      G
               +--------+--------+--------+--------+--------+-----+--------+
         Total |    475 |    475 |      0 |      0 |    368 |   1 |  475.0 |
       Dungeon |    475 |    475 |      0 |      0 |    368 |   1 |  475.0 |
               +--------+--------+--------+--------+--------+-----+--------+

Top non-repeatable levels by time:
     D:1: 475 daAuts
